 Dungeon Crawl Stone Soup version 0.29-a0-1016-g236c7fd91e (webtiles) character file.

Game seed: 12369434109177323044

4956 porpoise the Fighter (level 10, 0/79 HPs)
             Began as a Pale Draconian Transmuter on Aug 10, 2022.
             Was a Believer of Hepliaklqana.
             Slain by a killer bee (3 damage)
             ... on level 9 of the Dungeon.
             The game lasted 00:37:50 (7036 turns).

porpoise the Fighter (Pale Draconian Transmuter)    Turns: 7036, Time: 00:37:51

Health: 0/79       AC: 15    Str: 14    XL:     10   Next: 28%
Magic:  17/17      EV: 14    Int: 18    God:    Hepliaklqana [**....]
Gold:   479        SH:  0    Dex: 13    Spells: 3/19 levels left

rFire   . . .      SeeInvis .   a - +5 rapier of Ozoczyliy {elec, Int+3}
rCold   . . .      Faith    .   (no shield)
rNeg    . . .      Spirit   .   (body armour unavailable)
rPois   .          Reflect  .   (helmet restricted)
rElec   .          Harm     .   p - +1 cloak {Will+}
rCorr   .          Rampage  .   D - +0 pair of gloves
Will    +....                   k - +0 pair of boots
Stlth   +.........              g - amulet of regeneration
HPRegen 1.03/turn               r - +4 ring of protection
MPRegen 0.15/turn               (no ring)

@: no status effects
A: reduced essence, breathe steam, AC +7, unfitting armour, cold-blooded, steam
resistance
a: Breathe Steam, Renounce Religion, Recall Ancestor, Ancestor Identity


You were on level 9 of the Dungeon.
You worshipped Hepliaklqana.
Hepliaklqana was pleased with you.
You visited 1 branch of the dungeon, and saw 9 of its levels.

You collected 592 gold pieces.
You spent 113 gold pieces at shops.

Inventory:

Hand Weapons
 a - the +5 rapier of Ozoczyliy (weapon) {elec, Int+3}
   (You found it on level 8 of the Dungeon)

   It occasionally discharges a powerful burst of electricity upon striking a
   foe.
   Int:       It affects your intelligence (+3).
 b - a +0 sling
 n - a +3 vorpal hammer
 x - a +4 dagger
 H - a +3 trident
Missiles
 c - 30 poisoned darts (quivered)
 t - 3 boomerangs
 E - 2 silver javelins
Armour
 k - a +0 pair of boots (worn)
 p - a +1 cloak of willpower (worn)
 C - a scarf of invisibility
 D - a +0 pair of gloves (worn)
Magical Staves
 G - a staff of cold
Jewellery
 g - an amulet of regeneration (around neck)
 r - a +4 ring of protection (left hand)
 A - a ring of fire
Wands
 w - a wand of mindburst (11)
 I - a wand of iceblast (5)
Scrolls
 e - 2 scrolls of vulnerability
 f - 2 scrolls of fear
 i - 2 scrolls of teleportation
 m - 6 scrolls of fog
 u - 3 scrolls of poison
 y - a scroll of enchant armour
Potions
 d - 3 potions of cancellation
 h - a potion of resistance
 j - 2 potions of heal wounds
 l - 2 potions of lignification
 o - a potion of attraction
 q - 2 potions of flight
 s - 4 potions of mutation
 v - a potion of might
 z - a potion of ambrosia
 B - 3 potions of curing
 F - a potion of brilliance


   Skills:
 + Level 8.1 Fighting
 + Level 6.5 Dodging
 - Level 3.0 Unarmed Combat
 - Level 5.0 Spellcasting
 - Level 7.0 Transmutations
 - Level 5.0 Ice Magic
 - Level 5.0 Invocations
 + Level 3.2 Evocations


You had 3 spell levels left.
You knew the following spells:

 Your Spells              Type           Power      Damage    Failure   Level
a - Beastly Appendage     Tmut           58%        N/A       1%          1
c - Ice Form              Ice/Tmut       26%        N/A       11%         4
k - Blink                 Tloc           8%         N/A       21%         2
s - Storm Form            Tmut/Air       8%         N/A       100%        7
w - Wereblood             Tmut           29%        N/A       1%          2

Your spell library contained the following spells:

 Spells                   Type           Power      Damage    Failure   Level
 Sting                    Tmut/Pois      68%        1d6       3%          1
 Spider Form              Tmut/Pois      17%        N/A       10%         3
 Magic Dart               Conj           16%        1d3       13%         1
 Slow                     Hex            16%        N/A       13%         1
 Call Imp                 Summ           4%         N/A       21%         2
 Poisonous Vapours        Pois/Air       8%         N/A       21%         2
 Static Discharge         Conj/Air       4%         3-4/arc   21%         2
 Call Canine Familiar     Summ           4%         N/A       36%         3
 Confusing Touch          Hex            4%         N/A       36%         3
 Mephitic Cloud           Conj/Pois/Air  4%         N/A       36%         3
 Portal Projectile        Hex/Tloc       8%         N/A       36%         3
 Vampiric Draining        Necr           4%         2d6       36%         3
 Blade Hands              Tmut           14%        N/A       21%         5
 Irradiate                Conj/Tmut      8%         3d14      65%         5
 Dispel Undead            Necr           4%         3d7       78%         4
 Leda's Liquefaction      Hex/Erth       2%         N/A       78%         4
 Olgreb's Toxic Radiance  Pois           4%         N/A       78%         4
 Sticky Flame             Conj/Fire      4%         2d3       78%         4
 Manifold Assault         Tloc           4%         N/A       98%         5
 Dragon Form              Tmut           14%        N/A       99%         7


Dungeon Overview and Level Annotations

Branches:
Dungeon (9/15)             Temple (0/1) D:5            Lair (0/5) D:8
    Orc: D:9-12

Altars:
Fedhas
Hepliaklqana
Kikubaaqudgha
Makhleb
Ru
Xom
Jiyva

Shops:
D:4 *

Portals:
Abyss: D:5

Annotations:
D:5 2 transporters, miscthings's ghost, novice MeAr


Innate Abilities, Weirdness & Mutations

Your life essence is reduced to manifest your ancestor. (-10% HP)
You can breathe blasts of scalding, opaque steam.
Your pale cyan-grey scales are hard. (AC +7)
You cannot fit into any form of body armour.
You are cold-blooded and may be slowed by cold attacks.
You are immune to the effects of steam.


Message History

Lightning courses through the killer bee!!
You kill the killer bee!
You feel sick.
The killer bee attacks as you move away!
The killer bee barely misses you.
You feel sick.
You are no longer poisoned.
Something barely misses Nikki.
The killer bee barely misses you.
Aiming: Iceblast
Press: ? - help, Shift-Dir - straight line
Okay, then.
Unknown command.
The killer bee attacks as you move away!
The killer bee stings you but does no damage. x2
Aiming: Iceblast
Press: ? - help, Shift-Dir - straight line The mass of ice explodes!
The iceblast engulfs the killer bee!!
You kill the killer bee!
The iceblast engulfs the killer bee!
The killer bee is severely wounded.
The iceblast engulfs the killer bee!
The killer bee is almost dead.
You hear a shout!
The killer bee stings you.
* * * LOW HITPOINT WARNING * * *
The killer bee completely misses you.
Something barely misses Nikki.
The killer bee closely misses you. The killer bee barely misses you. x2
You barely miss the killer bee.
The killer bee is almost dead.
The killer bee stings you.
* * * LOW HITPOINT WARNING * * *
The killer bee barely misses you.
The killer bee stings you but does no damage. x2
The killer bee misses you. The killer bee barely misses you.
The killer bee closely misses you. The killer bee stings you.
* * * LOW HITPOINT WARNING * * *
The killer bee stings you but does no damage.
You closely miss the killer bee.
The killer bee is almost dead.
The killer bee stings you.
You die...

#°# #..# #R# #..# ###########.#
#..#
...........K################...
............)..................
..........K.##########.........
##########.K##########..#######
.......†.y.................
.........y@................
.>.......Ry................
.......##########...#######
.......# #...# ....... #...#
#### ....... ...... ....
......# ........... .._..#
.......... ..... ....


You could see the friendly Nikki the battlemage, a kobold brigand, 3 killer bees
and a kobold.

Vanquished Creatures
  A two-headed ogre (D:9)
  Maurice (D:9)
  Prince Ribbit (D:5)
  A wyvern (D:9)
  2 steam dragons (D:6)
  2 water moccasins (D:7)
  An ice beast (D:5)
  An ogre (D:5)
  A black bear (D:5)
  2 phantoms
  Blork the orc (D:6)
  4 bullfrogs
  4 scorpions
  5 wights (D:9)
  9 killer bees
  3 howler monkeys
  4 hounds
  An orc priest (D:4)
  Crazy Yiuf (D:2)
  2 jellies (D:9)
  3 iguanas
  Ijyb (D:4)
  2 orc wizards
  4 gnolls
  10 adders
  An ufetubus (D:5)
  A worm (D:2)
  A dart slug (D:3)
  13 orcs
  3 endoplasms
  4 giant cockroaches
  6 goblins
  10 hobgoblins
  4 jackals (D:4)
  3 quokkas
  5 ball pythons
  4 bats (D:2)
  8 kobolds
  2 rats (D:3)
132 creatures vanquished.

Vanquished Creatures (collateral kills)
  A steam dragon (D:7)
  An acid dragon (D:9)
  A sky beast (D:6)
  A black bear (D:7)
  A centaur (D:6)
  A bullfrog (D:6)
  A gnoll sergeant (D:6)
  6 killer bees
  2 jellies (D:9)
  An iguana (D:7)
  An orc wizard (D:8)
  4 orcs (D:8)
21 creatures vanquished.

Vanquished Creatures (others)
  5 dream sheep (D:3)
  An ancestor (D:6)
  A kobold (D:9)
  2 fungi (D:7)
  3 plants (D:7)
12 creatures vanquished.

Grand Total: 165 creatures vanquished

Notes
Turn   | Place    | Note
-------+----------+-------------------------------------------
     0 | D:1      | porpoise the Draconian Transmuter began the quest for the
                  | Orb.
     0 | D:1      | Reached XP level 1. HP: 16/16 MP: 3/3
   818 | D:2      | Reached XP level 2. HP: 5/24 MP: 3/5
   874 | D:2      | Reached skill level 2 in Fighting
   950 | D:2      | Reached XP level 3. HP: 30/30 MP: 6/6
  1263 | D:2      | Found a runed translucent door.
  1264 | D:2      | Noticed Crazy Yiuf
  1272 | D:2      | Killed Crazy Yiuf
  1273 | D:2      | Reached skill level 3 in Fighting
  1273 | D:2      | Reached XP level 4. HP: 29/38 MP: 5/7
  1659 | D:3      | Learned a level 2 spell: Wereblood
  1664 | D:3      | Learned a level 4 spell: Ice Form
  1790 | D:3      | Noticed a dream sheep
  1790 | D:3      | Noticed a dream sheep
  1790 | D:3      | Noticed a dream sheep
  1790 | D:3      | Noticed a dream sheep
  1790 | D:3      | Noticed a dream sheep
  1790 | D:3      | Found a shimmering altar of Xom.
  1794 | D:3      | Killed a dream sheep
  1794 | D:3      | Killed a dream sheep
  1794 | D:3      | Killed a dream sheep
  1794 | D:3      | Killed a dream sheep
  1796 | D:3      | Killed a dream sheep
  2164 | D:3      | Reached XP level 5. HP: 42/46 MP: 6/8
  2280 | D:4      | Reached skill level 4 in Fighting
  2348 | D:4      | Found a burning altar of Makhleb.
  2431 | D:4      | Found Ugyutagy's Assorted Antiques.
  2446 | D:4      | Bought a murky cyan potion for 26 gold pieces
  2446 | D:4      | Bought 3 scrolls labelled ZIF ACHYSYESO for 87 gold pieces
  2645 | D:4      | Reached XP level 6. HP: 53/53 MP: 9/9
  2854 | D:4      | Found a hazy altar of Hepliaklqana.
  2860 | D:4      | Became a worshipper of Hepliaklqana the Forgotten
  3038 | D:4      | Noticed Ijyb
  3053 | D:4      | Killed Ijyb
  3054 | D:4      | Reached skill level 5 in Fighting
  3054 | D:4      | Reached skill level 5 in Transmutations
  3344 | D:5      | Entered Level 5 of the Dungeon
  3383 | D:5      | Your scales start taking on a pale cyan-grey colour.
  3383 | D:5      | Reached XP level 7. HP: 57/62 MP: 8/10
  3383 | D:5      | Gained mutation: You are immune to the effects of steam.
                  | [Pale Draconian growth]
  3433 | D:5      | Reached skill level 6 in Fighting
  3688 | D:5      | Found a staircase to the Ecumenical Temple.
  3733 | D:5      | Reached XP level 8. HP: 29/71 MP: 13/13
  3763 | D:5      | Reached skill level 7 in Fighting
  3885 | D:5      | Noticed an ancient zyme
  3894 | D:5      | Found a one-way gate to the infinite horrors of the Abyss.
  3894 | D:5      | Noticed miscthings's ghost (novice MeAr)
  3906 | D:5      | Found a transporter.
  3920 | D:5      | Found a transporter.
  3994 | D:5      | Noticed Prince Ribbit
  3997 | D:5      | Killed Prince Ribbit
  4289 | D:6      | Learned a level 2 spell: Blink
  4297 | D:6      | Learned a level 7 spell: Storm Form
  4306 | D:6      | Reached * piety under Hepliaklqana
  4313 | D:6      | Found an ancient bone altar of Kikubaaqudgha.
  4329 | D:6      | Reached skill level 5 in Spellcasting
  4329 | D:6      | Reached skill level 1 in Ice Magic
  4329 | D:6      | Noticed Blork the orc
  4336 | D:6      | Killed Blork the orc
  4411 | D:6      | Found a sacrificial altar of Ru.
  4487 | D:6      | Reached skill level 1 in Invocations
  4487 | D:6      | Reached XP level 9. HP: 44/71 MP: 16/16
  4899 | D:7      | Found a blossoming altar of Fedhas.
  4998 | D:7      | Identified the +6 chain mail of Anwiumoa {Slay+2}
  5688 | D:7      | Reached ** piety under Hepliaklqana
  5689 | D:7      | Remembered your ancestor Nikki as a battlemage
  5959 | D:8      | Found a staircase to the Lair.
  6218 | D:8      | Identified the +5 rapier of Ozoczyliy {elec, Int+3}
  6519 | D:8      | Reached skill level 5 in Dodging
  6519 | D:8      | Reached skill level 5 in Ice Magic
  6799 | D:9      | Noticed Maurice
  6806 | D:9      | Killed Maurice
  6807 | D:9      | Reached skill level 5 in Invocations
  6846 | D:9      | Reached skill level 1 in Evocations
  6846 | D:9      | Reached XP level 10. HP: 77/77 MP: 17/17
  6929 | D:9      | Found a viscous altar of Jiyva.
  6988 | D:9      | Noticed a two-headed ogre
  7007 | D:9      | Killed a two-headed ogre
  7008 | D:9      | Reached skill level 8 in Fighting
  7035 | D:9      | HP: 2/79 [killer bee (4)]
  7036 | D:9      | Slain by a killer bee

Illustrated notes

Levels and vault maps discovered:
D:1:      dpeg_arrival_rooms_a, layout_basic, serial_forest,
          infiniplex_forest_pool, infiniplex_forest_zigzag_1,
          infiniplex_forest_clump_medium, infiniplex_forest_lined_room_2,
          infiniplex_forest_lined_corner, infiniplex_forest_clump_curved,
          infiniplex_forest_lined_3
D:2:      layout_loops_ring, minmay_tetromino_i4, uniq_crazy_yiuf_cottage
D:3:      layout_basic, kb_xom_exploding_sheep
D:4:      layout_basic, nicolae_hepliaklqana_hippocampus, bloody_makhleb,
          serial_shops, nicolae_shop_stone, minmay_joined_circles, uniq_ijyb
D:5:      layout_cave_pools, minmay_temple_entry_nine_rooms,
          gammafunk_ghost_abyssal_escape, uniq_prince_ribbit1
D:6:      cheibrodos_helix_gallery, layout_rooms,
          nicolae_overflow_hidden_temple, nicolae_ru_awakened_eye,
          uniq_blork_the_orc
D:7:      layout_basic, mainiacjoe_overflow_boulevard
D:8:      layout_loops_corners, lair_entry_dummy
D:9:      layout_long_grid, jiyva_altar_1, uniq_maurice, uniq_amaemon

Skill      XL: |  1  2  3  4  5  6  7  8  9 10 |
---------------+-------------------------------+-----
Fighting       | 2 3 4 5 6 7 8 |  8.1
Transmutations | 3 4 5 6 7 |  7.0
Spellcasting   | 3 5 |  5.0
Dodging        | 3 5 6 |  6.5
Ice Magic      | 3 5 |  5.0
Invocations    | 1 5 |  5.0
Evocations     | 1 3 |  3.2
Unarmed Combat | |  3.0

Action                   |  1- 3 |  4- 6 |  7- 9 | 10-12 || total
-------------------------+-------+-------+-------+-------++-------
Melee: Unarmed           |    14 |       |       |       ||    14
       Short sword       |    16 |       |       |       ||    16
       Headbutt          |     7 |    17 |    19 |     6 ||    49
       Tailslap          |     8 |    12 |    29 |     4 ||    53
       Kick              |     7 |    30 |    19 |    12 ||    68
       Mace              |    24 |     8 |       |       ||    32
       Punch             |     1 |     4 |     5 |     2 ||    12
       Trident           |       |   142 |   217 |       ||   359
       Rapier            |       |       |    20 |    36 ||    56
 Fire: Sling             |     6 |     1 |     2 |       ||     9
Throw: Dart              |     1 |     3 |    14 |       ||    18
 Cast: Beastly Appendage |    16 |    18 |    13 |     2 ||    49
       Wereblood         |       |     5 |     2 |     2 ||     9
Invok: Ancestor Identity |       |       |     1 |       ||     1
       Ancestor Life: Ba |       |       |     1 |       ||     1
 Abil: Breathe Steam     |       |       |     3 |       ||     3
Evoke: Wand              |       |       |       |     3 ||     3
  Use: Scroll            |       |     8 |    12 |     1 ||    21
       Potion            |       |       |     1 |       ||     1
 Stab: Sleeping          |     1 |       |     2 |       ||     3
       Distracted        |       |       |     2 |       ||     2
Armor: Skin              |    12 |    69 |   173 |    14 ||   268
Dodge: Dodged            |    31 |   109 |   221 |    26 ||   387

Table legend: (Time is in decaauts)
 A = Elapsed time spent in this place.
 B = Non-inter-level travel time spent in this place.
 C = Inter-level travel time spent in this place.
 D = Time resting spent in this place.
 E = Time spent auto-exploring this place.
 F = Levels seen in this place.
 G = Mean time per level.
                   A        B        C        D        E       F      G
               +--------+--------+--------+--------+--------+-----+--------+
         Total |   7150 |   6931 |    219 |    736 |   4745 |   9 |  794.4 |
       Dungeon |   7150 |   6931 |    219 |    736 |   4745 |   9 |  794.4 |
               +--------+--------+--------+--------+--------+-----+--------+

Top non-repeatable levels by time:
     D:4: 1130 daAuts
     D:7: 1065 daAuts
     D:8: 983 daAuts
     D:2: 822 daAuts
     D:1: 763 daAuts
     D:5: 761 daAuts
     D:3: 707 daAuts
     D:6: 653 daAuts
     D:9: 261 daAuts
